AoeStats
← DoubleDutch369

Arabia

508107153Analyzed
1v1 RM · 10d ago on Sep 20, 2026· 31m 2s· 2 players
Game mode
Random Map
Map size
Tiny (2 player)
Population
200
Speed
Normal
Resources
Standard
Victory
Conquest
Starting age
Dark Age
Ending age
Imperial Age
RankedLock teamsTeams togetherTeam positionsShared explorationLock speedFull tech treeHidden civsTurbo modeCheats
Victory
Defeat
🇨🇱 Malay · Chile
1225
+14
🇨🇦 Ethiopians · Canada
1174
-14
DoubleDutch369
7:43 Loom
10:00 Feudal Age
10:01 Man-at-Arms
11:14 Arson
13:28 Fletching
13:39 Padded Archer Armor
17:45 Double-Bit Axe
21:27 Wheelbarrow
26:02 Castle Age
25:19 Scale Barding Armor
25:43 Horse Collar
26:35 Crossbowman
28:07 Chain Barding Armor
27:43 Bodkin Arrow
28:16 Bow Saw
Plutos0101
7:44 Loom
10:39 Feudal Age
10:25 Double-Bit Axe
18:12 Padded Archer Armor
17:56 Horse Collar
18:36 Fletching
26:29 Castle Age
25:33 Gold Mining
25:54 Crossbowman
28:38 Scale Barding Armor
Connection lost

Rejoining the realm…

Still unreachable

The connection could not be restored.

Session expired

The server has moved on; the page needs a fresh start.